 Dungeon Crawl Stone Soup version 0.26-a0-1213-gd52f5182fe (webtiles) character file.

Game seed: 17855114448481279120

53 stormannn the Conjurer (level 3, 0/24 HPs)
             Began as a Mummy Conjurer on Dec 30, 2020.
             Slain by a sky beast (1 damage)
             ... on level 2 of the Dungeon.
             The game lasted 00:04:11 (1895 turns).

stormannn the Conjurer (Mummy Conjurer)             Turns: 1895, Time: 00:04:13

Health: 0/24       AC:  2    Str: 10    XL:     3   Next: 64%
Magic:  0/8        EV: 12    Int: 18    God:
Gold:   104        SH:  0    Dex: 10    Spells: 6/9 levels left

rFire    x . .     SeeInvis .   f - +0 short sword
rCold    + . .     Faith    .   (no shield)
rNeg     + + +     Spirit   .   a - +0 robe
rPois    ∞         Reflect  .   (no helmet)
rElec    .         Harm     .   (no cloak)
rCorr    .         Rampage  .   (no gloves)
Will     .....                  (no boots)
Stlth    ++........             (no amulet)
HPRegen  0.08/turn              (no ring)
MPRegen  0.11/turn              (no ring)

@: no status effects
A: no potions, fire vulnerability, cold resistance 1, negative energy resistance
3, torment resistance, unbreathing
a: no special abilities


You were on level 2 of the Dungeon.
You visited 1 branch of the dungeon, and saw 2 of its levels.

You collected 104 gold pieces.

Inventory:

Hand Weapons
 f - a +0 short sword (weapon)
Armour
 a - a +0 robe (worn)
Jewellery
 g - an uncursed ring of flight {unknown}
Scrolls
 b - a scroll of random uselessness {unknown}
 c - 2 scrolls of identify {unknown}
 d - 2 scrolls of magic mapping {unknown}
 e - 2 scrolls of remove curse {unknown}
 h - a scroll of blinking {unknown}


   Skills:
 - Level 1.5 Dodging
 - Level 1.5 Stealth
 + Level 3.6 Spellcasting
 * Level 4.1 Conjurations


You had 6 spell levels left.
You knew the following spells:

 Your Spells              Type           Power        Failure   Level
a - Magic Dart            Conj           72%          2%          1
b - Searing Ray           Conj           36%          4%          2

Your spell library contained the following spells:

 Spells                   Type           Power        Failure   Level
 Dazzling Flash           Conj/Hex       20%          21%         3
 Fulminant Prism          Conj/Hex       5%           54%         4
 Iskenderun's Mystic Bla  Conj/Tloc      10%          54%         4


Dungeon Overview and Level Annotations

Branches:
Dungeon (2/15)

Altars:
Makhleb


Innate Abilities, Weirdness & Mutations

You do not drink.
Your flesh is vulnerable to fire.
You are immune to poison.
Your flesh is cold resistant. (rC+)
You are immune to negative energy. (rN+++)
You are immune to unholy pain and torment.
You can survive without breathing.


Message History

Okay, then.
Casting: Searing Ray (safe; 4% risk of failure)
Confirm with . or Enter, or press ? or * to list all spells.
Aiming: Searing Ray (safe; 4% risk of failure)
Press: ? - help, Shift-Dir - straight line The searing ray hits something! (Press . to maintain the ray.) Unknown command.
Something hits you but does no damage.
A sky beast appears from thin air!
Reactivating autopickup.
Casting: Searing Ray (safe; 4% risk of failure)
Confirm with . or Enter, or press ? or * to list all spells.
Aiming: Searing Ray (safe; 4% risk of failure)
Press: ? - help, Shift-Dir - straight line, f - sky beast
Aim: a sky beast (almost dead, 31% to evade)
The searing ray misses the sky beast. (Press . to maintain the ray.)
The sky beast hits you.
You die...

...)..#### #..###.###...#
......##<# #..# #.# #...#
......##.# #######.###'###.###
>.....##.# #.........'_###.#
......##.# #.......###'###.##
......##.# #.......# #.# #..#
......##.####.......###.###..####
.................................
.†....##.####...@..#........#####
......##.# #...Y..#........#
################§###........#
...........#.# #.# #........#
........!..#.###.############
...........#........#
.)#####....#........#
....#......#........#
..).#......#........#


You could see a sky beast.

Vanquished Creatures
  An adder (D:2)
  A dart slug (D:1)
  2 leopard geckos
  A ball python (D:1)
  4 bats
  2 giant cockroaches
  6 hobgoblins
  3 jackals (D:1)
  A quokka (D:2)
  3 frilled lizards
  5 goblins
  6 kobolds (D:1)
  A rat (D:1)
36 creatures vanquished.

Notes
Turn   | Place    | Note
-------+----------+-------------------------------------------
     0 | D:1      | stormannn the Mummy Conjurer began the quest for the Orb.
     0 | D:1      | Reached XP level 1. HP: 13/13 MP: 4/4
   415 | D:1      | Reached XP level 2. HP: 19/19 MP: 1/6
   987 | D:1      | Reached XP level 3. HP: 24/24 MP: 4/7
  1280 | D:2      | Found a burning altar of Makhleb.
  1323 | D:2      | Learned a level 2 spell: Searing Ray
  1353 | D:2      | Reached skill level 4 in Conjurations
  1655 | D:2      | Noticed a sky beast
  1887 | D:2      | HP: 1/24 [something (5)]
  1895 | D:2      | Slain by a sky beast

Illustrated notes

Levels and vault maps discovered:
D:1:      lightli_arrival_chessboard, layout_rooms,
          chequers_serial_rivers_large_b, st_stairs_6
D:2:      layout_basic, nzn_hepliaklqana_mist_gate, lemuel_doored_altar,
          kennysheep_generic_room_16, uniq_crazy_yiuf_cottage, uniq_robin

Skill      XL: |  1  2  3 |
---------------+----------+-----
Spellcasting   | 3 |  3.6
Conjurations   | 4 |  4.1
Dodging        | |  1.5
Stealth        | |  1.5

Action                   || total
-------------------------++-------
Melee: Dagger            ||     4
 Cast: Magic Dart        ||    70
       Searing Ray       ||     4
Armor: Robe              ||     3
Dodge: Dodged            ||     7

Table legend: (Time is in decaauts)
 A = Elapsed time spent in this place.
 B = Non-inter-level travel time spent in this place.
 C = Inter-level travel time spent in this place.
 D = Time resting spent in this place.
 E = Time spent auto-exploring this place.
 F = Levels seen in this place.
 G = Mean time per level.
                   A        B        C        D        E       F      G
               +--------+--------+--------+--------+--------+-----+--------+
         Total |   1918 |   1879 |     39 |    966 |    582 |   2 |  959.0 |
       Dungeon |   1918 |   1879 |     39 |    966 |    582 |   2 |  959.0 |
               +--------+--------+--------+--------+--------+-----+--------+

Top non-repeatable levels by time:
     D:1: 1248 daAuts
     D:2: 669 daAuts
